HSSL
SHELBY HS ROCKETS @ SANTA FE HS CHIEFS
04/17/2027
 
TOP OF THE 1ST
Shelby HS Rockets batting - Pitching for Santa Fe HS Chiefs : RHP José Martínez
Pitching: RHP José Martínez
Batting: RHB Phil Stephens 0-0: Ball
1-0: Bunted foul
1-1: Ball
2-1: Foul Ball, location: 2F
2-2: Foul Ball, location: 2F
2-2: Foul Ball, location: 2F
2-2: SINGLE (Groundball, 6M) (infield hit)
Batting: RHB Jorge Solís 0-0: Ball
1-0: Fly out, F6 (Line Drive, 6)
Batting: SHB Simon Spencer 0-0: Called Strike
0-1: Called Strike
0-2: Ball
1-2: Ball
2-2: Strikes out swinging
Batting: LHB Bill Handy 0-0: Ball
1-0: Ball
2-0: Called Strike
2-1: Swinging Strike
2-2: Strikes out swinging
Top of the 1st over - 0 run(s), 1 hit(s), 0 error(s), 1 left on base; Shelby HS 0 - Santa Fe HS 0
BOTTOM OF THE 1ST
Santa Fe HS Chiefs batting - Pitching for Shelby HS Rockets : RHP Kevin Harris
Pitching: RHP Kevin Harris
Batting: RHB William Todd 0-0: SINGLE (Flyball, 9S)
Batting: RHB Jake Henshaw 0-0: Foul Ball, location: 2F
0-1: Called Strike
0-2: Strikes out swinging
Batting: RHB Paul DeWitt 0-0: Called Strike
0-1: Called Strike
William Todd steals 2nd base
0-2: Foul Ball, location: 2F
0-2: Foul Ball, location: 2F
0-2: Foul Ball, location: 2F
0-2: Ball
1-2: Foul Ball, location: 2F
1-2: Ball
2-2: Ball
3-2: Fly out, F9 (Flyball, 9S)
Batting: RHB Juan Carlos Cruz 0-0: Called Strike
0-1: Ball
1-1: Foul Ball, location: 2F
1-2: Foul Ball, location: 2F
1-2: Strikes out swinging
Bottom of the 1st over - 0 run(s), 1 hit(s), 0 error(s), 1 left on base; Shelby HS 0 - Santa Fe HS 0
TOP OF THE 2ND
Shelby HS Rockets batting - Pitching for Santa Fe HS Chiefs : RHP José Martínez
Batting: RHB Jorge Pacheco 0-0: Foul Ball, location: 2F
0-1: Swinging Strike
0-2: Ball
1-2: Foul Ball, location: 2F
1-2: Strikes out looking
Batting: RHB Craig Jensen 0-0: Ball
1-0: Ball
2-0: Called Strike
2-1: Ball
3-1: Swinging Strike
3-2: SINGLE (Groundball, 6D)
Batting: RHB Javier Concepción 0-0: Ball
1-0: Foul Ball, location: 2F
1-1: Ball
Craig Jensen steals 2nd base
2-1: Ball
3-1: Base on Balls
Batting: LHB Bill Williams 0-0: SINGLE (Groundball, 3D)
Craig Jensen to third
Javier Concepción to second
Runner from 3rd tries for Home, SAFE, no throw
Batting: RHB Jesús López 0-0: Ball
1-0: Ball
2-0: Foul Ball, location: 2F
2-1: Called Strike
2-2: Ball
3-2: Fly out, F8 (Flyball, 8LM)
Batting: RHB Phil Stephens 0-0: Ball
1-0: Ball
2-0: Foul Ball, location: 2F
2-1: Ball
3-1: Base on Balls
Javier Concepción to third
Bill Williams to second
Batting: RHB Jorge Solís 0-0: Swinging Strike
0-1: Ball
1-1: Ball
2-1: Foul Ball, location: 2F
2-2: SINGLE (Groundball, 4D)
Javier Concepción scores
Bill Williams to third
Phil Stephens to second
Runner from 3rd tries for Home, SAFE, no throw
Batting: SHB Simon Spencer 0-0: Ball
1-0: Ball
2-0: Called Strike
2-1: Called Strike
2-2: Foul Ball, location: 2F
2-2: Strikes out swinging
Top of the 2nd over - 3 run(s), 3 hit(s), 0 error(s), 2 left on base; Shelby HS 3 - Santa Fe HS 0
BOTTOM OF THE 2ND
Santa Fe HS Chiefs batting - Pitching for Shelby HS Rockets : RHP Kevin Harris
Batting: LHB Adrian Neal 0-0: Called Strike
0-1: Ball
1-1: Called Strike
1-2: Strikes out looking
Batting: LHB Milton MacEwen 0-0: Foul Ball, location: 2F
0-1: Swinging Strike
0-2: Ball
1-2: Foul Ball, location: 2F
1-2: Strikes out looking
Batting: LHB Paul Starr 0-0: Foul Ball, location: 2F
0-1: Ground out 6-3 (Groundball, 6)
Bottom of the 2nd over - 0 run(s), 0 hit(s), 0 error(s), 0 left on base; Shelby HS 3 - Santa Fe HS 0
TOP OF THE 3RD
Shelby HS Rockets batting - Pitching for Santa Fe HS Chiefs : RHP José Martínez
Batting: LHB Bill Handy 0-0: Ball
1-0: Foul Ball, location: 2F
1-1: Swinging Strike
1-2: Foul Ball, location: 2F
1-2: Ball
2-2: Foul Ball, location: 2F
2-2: Strikes out swinging
Batting: RHB Jorge Pacheco 0-0: Ball
1-0: Called Strike
1-1: Foul Ball, location: 2F
1-2: Foul Ball, location: 2F
1-2: Ball
2-2: Strikes out swinging, 2-3 out at first.
Batting: RHB Craig Jensen 0-0: Ball
1-0: Ball
2-0: Foul Ball, location: 2F
2-1: Called Strike
2-2: Ball
3-2: Base on Balls
Batting: RHB Javier Concepción 0-0: Called Strike
Craig Jensen steals 2nd base
0-1: Swinging Strike
0-2: Strikes out swinging
Top of the 3rd over - 0 run(s), 0 hit(s), 0 error(s), 1 left on base; Shelby HS 3 - Santa Fe HS 0
BOTTOM OF THE 3RD
Santa Fe HS Chiefs batting - Pitching for Shelby HS Rockets : RHP Kevin Harris
Batting: LHB Luis Freitas 0-0: Ball
1-0: Called Strike
1-1: Ground out 3-1 (Groundball, 34)
Batting: RHB Brady Holland 0-0: DOUBLE (Line Drive, 9LM)
Batting: RHB William Todd 0-0: Called Strike
0-1: Ball
1-1: Foul Ball, location: 2F
1-2: Ball
2-2: Strikes out swinging
Batting: RHB Jake Henshaw 0-0: Ball
1-0: Ball
2-0: Foul Ball, location: 2F
2-1: Ball
3-1: Called Strike
3-2: Strikes out swinging
Bottom of the 3rd over - 0 run(s), 1 hit(s), 0 error(s), 1 left on base; Shelby HS 3 - Santa Fe HS 0
TOP OF THE 4TH
Shelby HS Rockets batting - Pitching for Santa Fe HS Chiefs : RHP José Martínez
Pitching: RHP Cullen Rivera
Batting: LHB Bill Williams 0-0: Ball
1-0: Ground out U3 (Groundball, 34S)
Batting: RHB Jesús López 0-0: Foul Ball, location: 2F
0-1: Ground out 1-3 (Groundball, 13S)
Batting: RHB Phil Stephens 0-0: Ball
1-0: Ball
2-0: Foul Ball, location: 2F
2-1: Called Strike
2-2: Fly out, F9 (Flyball, 9LM)
Top of the 4th over - 0 run(s), 0 hit(s), 0 error(s), 0 left on base; Shelby HS 3 - Santa Fe HS 0
BOTTOM OF THE 4TH
Santa Fe HS Chiefs batting - Pitching for Shelby HS Rockets : RHP Kevin Harris
Batting: RHB Paul DeWitt 0-0: Called Strike
0-1: Ball
1-1: Ball
2-1: Swinging Strike
2-2: Foul Ball, location: 2F
2-2: Ball
3-2: Ground out 6-3 (Groundball, 6)
Batting: RHB Juan Carlos Cruz 0-0: Called Strike
0-1: Ball
1-1: SINGLE (Flyball, 78M)
Batting: LHB Adrian Neal 0-0: Ball
1-0: Called Strike
1-1: Called Strike
1-2: Strikes out swinging
Batting: LHB Milton MacEwen 0-0: Foul Ball, location: 2F
0-1: Ball
1-1: Foul Ball, location: 2F
1-2: Foul Ball, location: 2F
Balk!
Juan Carlos Cruz to second
1-2: Ball
2-2: Foul Ball, location: 2F
2-2: Foul Ball, location: 2F
2-2: Foul Ball, location: 2F
2-2: Ball
3-2: Foul Ball, location: 2F
3-2: Strikes out swinging
Bottom of the 4th over - 0 run(s), 1 hit(s), 0 error(s), 1 left on base; Shelby HS 3 - Santa Fe HS 0
TOP OF THE 5TH
Shelby HS Rockets batting - Pitching for Santa Fe HS Chiefs : RHP Cullen Rivera
Batting: RHB Jorge Solís 0-0: Swinging Strike
0-1: Ball
1-1: SINGLE (Groundball, 34) (infield hit)
Batting: SHB Simon Spencer 0-0: Called Strike
0-1: Foul Ball, location: 2F
0-2: Ball
1-2: Ball
2-2: SINGLE (Flyball, 7LS)
Jorge Solís to second
Batting: LHB Bill Handy 0-0: Foul Ball, location: 2F
0-1: Ball
1-1: Ball
2-1: Ball
3-1: Swinging Strike
3-2: Fly out, F4 (Flyball, 34D)
Batting: RHB Jorge Pacheco 0-0: DOUBLE (Flyball, 9LM)
Jorge Solís scores
Simon Spencer to third
Batting: RHB Craig Jensen 0-0: Reached on error, E1 (Groundball, 15)
Simon Spencer scores
Jorge Pacheco to third
Batting: RHB Javier Concepción 0-0: Foul Ball, location: 2F
0-1: Ball
1-1: Ball
2-1: Foul Ball, location: 2F
2-2: Ball
3-2: Foul Ball, location: 2F
3-2: Foul Ball, location: 2F
3-2: Foul Ball, location: 2F
3-2: Fly out, F9 (Flyball, 89S)
Batting: LHB Bill Williams 0-0: Called Strike
0-1: Ball
Passed Ball!
Jorge Pacheco scores
Craig Jensen to second
1-1: Ball
2-1: SINGLE (Line Drive, 7S)
Craig Jensen to third
Runner from 3rd tries for Home, SAFE, no throw
Pitching: RHP Dane Vaughan
Batting: RHB Jesús López 0-0: Called Strike
0-1: Called Strike
0-2: Ball
Wild Pitch!
Bill Williams to second
1-2: Strikes out swinging
Top of the 5th over - 4 run(s), 4 hit(s), 1 error(s), 1 left on base; Shelby HS 7 - Santa Fe HS 0
BOTTOM OF THE 5TH
Santa Fe HS Chiefs batting - Pitching for Shelby HS Rockets : RHP Kevin Harris
Batting: LHB Paul Starr 0-0: Ball
1-0: Called Strike
1-1: Called Strike
1-2: Strikes out swinging
Batting: LHB Luis Freitas 0-0: Foul Ball, location: 2F
0-1: SINGLE (Line Drive, 6)
Batting: RHB Brady Holland 0-0: Ball
1-0: Called Strike
1-1: Foul Ball, location: 2F
1-2: Foul Ball, location: 2F
1-2: Ball
2-2: Fly out, F5 (Line Drive, 5)
Pitching: RHP Christian Gunn
Batting: RHB William Todd 0-0: Ball
1-0: Ball
2-0: Ball
3-0: Base on Balls
Luis Freitas to second
Batting: RHB Jake Henshaw 0-0: Ball
1-0: Ball
2-0: Foul Ball, location: 2F
2-1: Ball
3-1: Called Strike
3-2: Strikes out swinging
Bottom of the 5th over - 0 run(s), 1 hit(s), 0 error(s), 2 left on base; Shelby HS 7 - Santa Fe HS 0
TOP OF THE 6TH
Shelby HS Rockets batting - Pitching for Santa Fe HS Chiefs : RHP Dane Vaughan
Batting: RHB Phil Stephens 0-0: Called Strike
0-1: Ball
1-1: Foul Ball, location: 2F
1-2: Fly out, F8 (Flyball, 78XD)
Batting: RHB Jorge Solís 0-0: Ball
1-0: Called Strike
1-1: Ball
2-1: Foul Ball, location: 2F
2-2: Ball
3-2: Foul Ball, location: 2F
3-2: Base on Balls
Batting: SHB Simon Spencer 0-0: Ball
1-0: Ball
2-0: Ball
3-0: Base on Balls
Jorge Solís to second
Batting: LHB Bill Handy 0-0: Ball
1-0: Swinging Strike
1-1: Foul Ball, location: 2F
1-2: Ball
2-2: Foul Ball, location: 2F
2-2: Ball
3-2: Reached on error, E5 (Groundball, 25)
Jorge Solís scores
Simon Spencer to third
Batting: RHB Jorge Pacheco 0-0: Ball
1-0: Swinging Strike
1-1: Ball
2-1: Swinging Strike
2-2: Strikes out looking
Batting: RHB Craig Jensen 0-0: Foul Ball, location: 2F
0-1: Ball
1-1: Ball
2-1: Foul Ball, location: 2F
2-2: Strikes out swinging
Top of the 6th over - 1 run(s), 0 hit(s), 1 error(s), 2 left on base; Shelby HS 8 - Santa Fe HS 0
BOTTOM OF THE 6TH
Santa Fe HS Chiefs batting - Pitching for Shelby HS Rockets : RHP Christian Gunn
Batting: RHB Paul DeWitt 0-0: Ball
1-0: Fly out, F9 (Flyball, 9S)
Batting: RHB Juan Carlos Cruz 0-0: Foul Ball, location: 2F
0-1: Ball
1-1: Ground out 6-3 (Groundball, 6)
Batting: LHB Adrian Neal 0-0: Ball
1-0: Called Strike
1-1: Called Strike
1-2: Ball
2-2: Strikes out swinging
Bottom of the 6th over - 0 run(s), 0 hit(s), 0 error(s), 0 left on base; Shelby HS 8 - Santa Fe HS 0
TOP OF THE 7TH
Shelby HS Rockets batting - Pitching for Santa Fe HS Chiefs : RHP Dane Vaughan
Batting: RHB Javier Concepción 0-0: Foul Ball, location: 2F
0-1: Foul Ball, location: 2F
0-2: Strikes out looking
Batting: LHB Bill Williams 0-0: SINGLE (Flyball, 9S)
Batting: RHB Jesús López 0-0: Called Strike
0-1: Swinging Strike
0-2: Strikes out swinging
Batting: RHB Phil Stephens 0-0: SINGLE (Groundball, 6MD)
Bill Williams to second
Runner from 2nd tries for 3rd, OUT after rundown.
Top of the 7th over - 0 run(s), 2 hit(s), 0 error(s), 1 left on base; Shelby HS 8 - Santa Fe HS 0
BOTTOM OF THE 7TH
Santa Fe HS Chiefs batting - Pitching for Shelby HS Rockets : RHP Christian Gunn
Batting: LHB Milton MacEwen 0-0: Ball
1-0: Foul Ball, location: 2F
1-1: Ground out 5-3 (Groundball, 56)
Batting: LHB Paul Starr 0-0: Called Strike
0-1: Ball
1-1: Ball
2-1: Ball
3-1: Called Strike
3-2: Strikes out swinging
Batting: LHB Luis Freitas 0-0: Ball
1-0: Ball
2-0: Ball
3-0: Base on Balls
Batting: RHB Brady Holland 0-0: Ball
1-0: Called Strike
1-1: Fly out, F8 (Flyball, 8RM)
Bottom of the 7th over - 0 run(s), 0 hit(s), 0 error(s), 1 left on base; Shelby HS 8 - Santa Fe HS 0
TOP OF THE 8TH
Shelby HS Rockets batting - Pitching for Santa Fe HS Chiefs : RHP Dane Vaughan
Pitching: RHP Billy Fox
Batting: RHB Jorge Solís 0-0: Ball
1-0: Ball
2-0: Foul Ball, location: 2F
2-1: DOUBLE (Line Drive, 89XD)
Batting: SHB Simon Spencer 0-0: Ball
1-0: Called Strike
1-1: Ball
2-1: Foul Ball, location: 2F
2-2: Strikes out swinging
Batting: LHB Bill Handy 0-0: Foul Ball, location: 2F
0-1: Ball
1-1: Foul Ball, location: 2F
1-2: Strikes out swinging
Batting: RHB Jorge Pacheco 0-0: Ball
1-0: Swinging Strike
1-1: Ball
2-1: Foul Ball, location: 2F
2-2: Foul Ball, location: 2F
2-2: Ball
3-2: Strikes out swinging, 2-3 out at first.
Top of the 8th over - 0 run(s), 1 hit(s), 0 error(s), 1 left on base; Shelby HS 8 - Santa Fe HS 0
BOTTOM OF THE 8TH
Santa Fe HS Chiefs batting - Pitching for Shelby HS Rockets : RHP Christian Gunn
Batting: RHB William Todd 0-0: Ball
1-0: Ball
2-0: Ball
3-0: Base on Balls
Batting: RHB Jake Henshaw 0-0: Called Strike
0-1: SINGLE (Line Drive, 7LS)
William Todd to second
Pitching: LHP Chris Moore
Batting: RHB Paul DeWitt 0-0: Called Strike
0-1: Ball
1-1: Foul Ball, location: 2F
1-2: Ball
2-2: Strikes out looking
Batting: RHB Juan Carlos Cruz 0-0: Foul Ball, location: 2F
0-1: Ball
1-1: Foul Ball, location: 2F
1-2: Strikes out swinging
Batting: LHB Adrian Neal 0-0: Ball
1-0: Swinging Strike
1-1: Ball
2-1: Swinging Strike
2-2: Ground out 3-1 (Groundball, 34S)
Bottom of the 8th over - 0 run(s), 1 hit(s), 0 error(s), 2 left on base; Shelby HS 8 - Santa Fe HS 0
TOP OF THE 9TH
Shelby HS Rockets batting - Pitching for Santa Fe HS Chiefs : RHP Billy Fox
Pitching: RHP Jim Gorman
Batting: RHB Craig Jensen 0-0: Reached on error, E4 (Groundball, 4)
Batting: RHB Javier Concepción 0-0: Ball
1-0: 2-RUN HOME RUN (Flyball, 7LD), Distance : 353 ft
Batting: LHB Bill Williams 0-0: Foul Ball, location: 2F
0-1: Ball
1-1: Called Strike
1-2: Strikes out swinging
Batting: RHB Jesús López 0-0: Called Strike
0-1: Ball
1-1: Ball
2-1: SOLO HOME RUN (Flyball, 78XD), Distance : 437 ft
Batting: RHB Phil Stephens 0-0: Ball
1-0: Ball
2-0: Ball
3-0: Called Strike
3-1: Foul Ball, location: 2F
3-2: Strikes out swinging
Batting: RHB Jorge Solís 0-0: Ball
1-0: Swinging Strike
1-1: Foul Ball, location: 2F
1-2: Ball
2-2: Foul Ball, location: 2F
2-2: Ball
3-2: Base on Balls
Batting: SHB Simon Spencer 0-0: Called Strike
0-1: Ball
1-1: Foul Ball, location: 2F
1-2: Ball
2-2: Strikes out swinging
Top of the 9th over - 3 run(s), 2 hit(s), 1 error(s), 1 left on base; Shelby HS 11 - Santa Fe HS 0
BOTTOM OF THE 9TH
Santa Fe HS Chiefs batting - Pitching for Shelby HS Rockets : LHP Chris Moore
Batting: LHB Milton MacEwen 0-0: Foul Ball, location: 2F
0-1: Called Strike
0-2: Ground out 4-3 (Groundball, 4)
Batting: LHB Paul Starr 0-0: Called Strike
0-1: Fly out, F8 (Flyball, 8LD)
Batting: LHB Luis Freitas 0-0: Ball
1-0: SINGLE (Line Drive, 7S)
Batting: RHB Brady Holland 0-0: 2-RUN HOME RUN (Flyball, 7LD), Distance : 359 ft
Batting: RHB William Todd 0-0: Ball
1-0: Ball
2-0: Ball
3-0: Base on Balls
Batting: RHB Jake Henshaw 0-0: Ball
1-0: Ball
2-0: Fielders Choice at 2nd, 4-6 (Groundball, 4)
Bottom of the 9th over - 2 run(s), 2 hit(s), 0 error(s), 0 left on base; Shelby HS 11 - Santa Fe HS 2
Thursday, March 30th, 2017 - OOTP Baseball 17.12 Build 75